Map: Dusk Towers

Players

PtitDrogo - Winner!

  • Race: Protoss Protoss
  • League: Master

Namshar

  • Race: Zerg Zerg
  • League: Grandmaster

Event: DreamHack ZOWIE Open Leipzig

VOD

Have the link to the VOD?

Description

Time

  • Played on: Jan. 22, 2016, 9:38 a.m.
  • Length: 15:38

All games in this series

Show
View Real Time Build Order
Export as new Build Order

PtitDrogo Protoss - Winner!

Build Orders: Nexus First, Zealot Archon 

Get SALT Encoding   

  12  0:01  Probe (Chrono Boost)  
  13  0:11  Probe (Chrono Boost)  
  14  0:17  Pylon  
  14  0:22  Probe (Chrono Boost)  
  15  0:35  Probe (Chrono Boost)  
  16  0:46  Probe (Chrono Boost)  
  17  0:57  Nexus  
  17  1:07  Gateway  
  17  1:10  Probe (Chrono Boost)  
  18  1:15  Assimilator  
  18  1:21  Probe (Chrono Boost)  
  18  1:23  Assimilator  
  19  1:31  Probe (Chrono Boost)  
  20  1:36  Gateway  
  20  1:42  Probe (Chrono Boost)  
  21  1:52  Probe (Chrono Boost)  
  22  1:55  Cybernetics Core  
  22  2:03  Probe (Chrono Boost)  
  23  2:09  Probe (Chrono Boost)  
  23  2:13  Probe (Chrono Boost)  
  25  2:20  Probe (Chrono Boost)  
  26  2:24  Probe (Chrono Boost)  
  27  2:30  Probe (Chrono Boost)  
  27  2:31  Adept (Chrono Boost)  
  27  2:32  Adept (Chrono Boost)  
  27  2:33  Warp Gate  
  27  2:35  Probe  
  33  2:42  Probe  
  34  2:47  Mothership Core (Chrono Boost)  
  34  2:48  Pylon  
  36  2:54  Probe (Chrono Boost)  
  37  3:00  Pylon  
  37  3:05  Probe (Chrono Boost)  
  38  3:07  Probe (Chrono Boost)  
  38  3:08  Sentry x2  
  43  3:15  Probe (Chrono Boost)  
  43  3:17  Probe (Chrono Boost)  
  45  3:26  Probe (Chrono Boost)  
  46  3:28  Probe (Chrono Boost)  
  46  3:31  Nexus  
  47  3:36  Probe (Chrono Boost)  
  47  3:38  Probe (Chrono Boost)  
  49  3:43  Pylon  
  49  3:46  Pylon  
  49  3:47  Probe (Chrono Boost)  
  50  3:49  Probe (Chrono Boost)  
  51  3:57  Probe (Chrono Boost), Assimilator  
  51  3:59  Probe (Chrono Boost)  
  51  4:01  Assimilator  
  53  4:08  Probe (Chrono Boost)  
  53  4:09  Gateway x2  
  54  4:10  Probe (Chrono Boost)  
  54  4:12  Adept (Chrono Boost)  
  54  4:14  Adept (Chrono Boost)  
  59  4:18  Probe (Chrono Boost)  
  59  4:20  Probe (Chrono Boost)  
  61  4:25  Phoenix  
  61  4:28  Stargate x2  
  61  4:29  Probe (Chrono Boost)  
  61  4:31  Probe (Chrono Boost)  
  63  4:40  Probe (Chrono Boost)  
  63  4:42  Probe (Chrono Boost)  
  63  4:44  Probe (Chrono Boost)  
  66  4:46  Adept x2  
  66  4:52  Probe (Chrono Boost)  
  71  4:54  Probe (Chrono Boost)  
  71  4:55  Probe (Chrono Boost)  
  73  5:00  Pylon  
  73  5:02  Probe (Chrono Boost)  
  73  5:04  Probe (Chrono Boost)  
  73  5:05  Probe (Chrono Boost)  
  73  5:06  Adept  
  73  5:07  Adept x3  
  80  5:13  Probe (Chrono Boost)  
  85  5:17  Probe (Chrono Boost)  
  85  5:18  Probe, Phoenix x2 (Chrono Boost)  
  91  5:23  Assimilator  
  91  5:24  Probe, Pylon  
  91  5:27  Probe, Assimilator  
  93  5:41  Probe  
  93  5:42  Probe x2, Phoenix x2 (Chrono Boost)  
  98  5:51  Probe  
  98  5:54  Probe x2  
  98  5:56  Zealot x2  
  101  6:00  Robotics Facility  
  101  6:03  Forge  
  98  6:04  Twilight Council  
  98  6:06  Probe  
  98  6:08  Phoenix (Chrono Boost)  
  98  6:09  Phoenix (Chrono Boost)  
  100  6:19  Robotics Facility  
  100  6:25  Pylon  
  100  6:26  Pylon  
  100  6:30  Gateway, Protoss Ground Weapons Level 1 (Chrono Boost)  
  100  6:31  Gateway  
  100  6:32  Gateway  
  100  6:33  Gateway  
  100  6:40  Pylon, Phoenix (Chrono Boost)  
  100  6:42  Charge (Chrono Boost)  
  100  6:43  Phoenix (Chrono Boost)  
  104  6:49  Templar Archives  
  104  6:50  Zealot x4  
  104  6:51  Pylon  
  112  7:05  Immortal (Chrono Boost)  
  116  7:12  Stalker x4  
  116  7:14  Immortal (Chrono Boost)  
  104  7:24  Pylon x2  
  104  7:29  Zealot x4  
  108  7:34  Pylon  
  108  7:35  Pylon  
  109  7:45  High Templar x2  
  109  7:46  High Templar  
  109  7:47  Warp Prism (Chrono Boost)  
  109  7:49  High Templar  
  109  7:50  Zealot x4  
  126  7:53  Archon  
  126  7:54  Archon  
  126  8:01  Observer  
  127  8:08  Nexus  
  127  8:11  Pylon  
  125  8:13  High Templar x2  
  125  8:14  Zealot x2  
  125  8:18  Archon  
  133  8:21  Zealot x4  
  133  8:22  Immortal, Pylon  
  141  8:27  Immortal  
  141  8:31  Pylon x2  
  141  8:32  Pylon  
  141  8:33  Pylon  
  149  8:37  Zealot x2  
  153  8:46  Zealot x6  
  141  9:03  Zealot x2  
  141  9:04  Nexus  
  141  9:05  Pylon  
  141  9:07  Pylon, Zealot x3  
  151  9:12  Protoss Ground Weapons Level 2  
  151  9:13  Zealot x3  
  135  9:27  Zealot x5  
  141  9:35  Probe  
  142  9:40  Immortal, Zealot, High Templar x2  
  152  10:03  Archon  
  152  10:05  Assimilator  
  152  10:06  High Templar  
  152  10:07  High Templar, Assimilator  
  152  10:08  High Templar x3  
  152  10:09  High Templar  
  152  10:12  Archon x2  
  152  10:13  Archon  
  152  10:14  Immortal (Chrono Boost)  
  166  10:18  Immortal (Chrono Boost)  
  170  10:27  Zealot x2  
  168  10:37  Gateway  
  168  10:40  Gateway  
  168  10:42  Gateway  
  168  10:44  Gateway  
  168  10:47  High Templar x2  
  168  10:48  High Templar x2  
  176  10:54  Warp Prism (Chrono Boost)  
  176  10:55  Archon x2  
  176  10:56  Zealot  
  176  10:57  Zealot x3  
  188  11:12  Immortal (Chrono Boost)  
  188  11:18  Zealot x4  
  194  11:19  Zealot x2  
  194  11:26  Immortal (Chrono Boost)  
  176  11:44  Zealot x7  
  190  11:56  Observer (Chrono Boost)  
  191  12:05  Stargate  
  191  12:07  Fleet Beacon  
  191  12:08  Protoss Ground Weapons Level 3, High Templar x2  
  195  12:18  Archon  
  195  12:23  Psionic Storm  
  195  12:27  High Templar x2  
  199  12:34  High Templar  
  199  12:35  High Templar  
  199  12:37  Nexus  
  199  12:38  Pylon  
  199  12:58  Oracle x2 (Chrono Boost)  
  196  13:02  Protoss Air Weapons Level 1  
  199  13:09  Photon Cannon  
  199  13:10  Photon Cannon  
  199  13:15  Assimilator  
  199  13:19  Assimilator  
  198  13:21  Photon Cannon  
  198  13:34  Zealot  
  190  13:53  Zealot x2  
  190  13:54  Zealot x3  
  188  14:00  Zealot  
  188  14:02  Photon Cannon  
  184  14:04  Zealot x3  
  184  14:05  Photon Cannon  
  187  14:12  Probe x2  
  187  14:13  Zealot  
  187  14:14  Zealot  
  192  14:20  Probe  
  192  14:21  Tempest (Chrono Boost)  
  189  14:38  Zealot x4  
  189  14:39  Zealot  
  189  14:41  Tempest (Chrono Boost)  
  189  14:48  Zealot x5  
  189  14:58  Tempest (Chrono Boost)  
  189  14:59  Stargate  
  185  15:01  Stargate  
  185  15:02  Stargate  
Show
View Real Time Build Order
Export as new Build Order

Namshar Zerg 

Build Orders: Hatch First, Lurkers 

Get SALT Encoding   

  12  0:00  Drone  
  13  0:08  Drone  
  14  0:17  Overlord  
  14  0:23  Drone, Extractor  
  15  0:35  Drone x2  
  17  0:51  Hatchery  
  17  0:54  Drone  
  17  0:57  Drone  
  18  1:10  Spawning Pool  
  17  1:30  Hatchery  
  16  1:33  Drone  
  16  1:36  Drone  
  16  1:39  Drone  
  19  1:44  Drone  
  20  1:57  Queen  
  22  2:02  Queen  
  22  2:07  Overlord  
  24  2:11  Zergling x2  
  24  2:12  Drone  
  24  2:15  Drone  
  27  2:18  Drone  
  28  2:28  Drone x2  
  30  2:33  Queen  
  32  2:38  Queen  
  32  2:41  Drone  
  32  2:42  Drone  
  36  2:46  Overlord  
  36  2:49  Drone  
  37  2:51  Drone  
  37  2:53  Drone  
  37  2:56  Drone  
  40  2:59  Overlord  
  40  3:04  Zergling x4  
  42  3:05  Zergling x2  
  42  3:11  Zergling x4  
  44  3:15  Overlord  
  44  3:17  Drone x2  
  44  3:18  Drone  
  47  3:25  Drone x3  
  50  3:28  Spore Crawler  
  50  3:31  Overlord  
  48  3:41  Drone x3  
  48  3:42  Drone x3  
  48  3:44  Overlord  
  55  3:48  Extractor  
  55  3:49  Extractor  
  55  3:53  Zergling x2  
  55  3:54  Drone x2  
  55  4:00  Drone x3  
  58  4:03  Drone x2  
  60  4:10  Drone  
  60  4:16  Drone  
  62  4:18  Drone  
  62  4:19  Roach Warren  
  62  4:20  Drone  
  62  4:23  Drone x8  
  71  4:25  Extractor x2  
  71  4:27  Overlord  
  69  4:33  Drone  
  70  4:39  Lair  
  70  4:40  Evolution Chamber, Drone x4  
  70  4:41  Drone  
  70  4:42  Drone  
  75  4:46  Extractor  
  75  4:51  Drone  
  75  4:53  Drone x3  
  75  4:54  Overlord  
  78  5:00  Extractor  
  78  5:01  Hatchery  
  78  5:04  Overlord  
  78  5:05  Drone x3  
  78  5:06  Zerg Missile Weapons Level 1, Overlord  
  79  5:07  Metabolic Boost  
  79  5:14  Roach  
  79  5:15  Spore Crawler, Roach x2  
  79  5:16  Roach  
  79  5:17  Overlord  
  79  5:18  Overlord  
  79  5:20  Drone  
  87  5:21  Drone  
  87  5:24  Roach x3  
  87  5:28  Overlord  
  94  5:34  Roach  
  94  5:35  Roach x4  
  104  5:37  Roach  
  104  5:40  Glial Reconstitution  
  106  5:46  Queen  
  106  5:49  Roach x4  
  112  6:05  Roach x8  
  112  6:09  Overseer  
  127  6:13  Drone x4  
  127  6:15  Drone  
  132  6:21  Pneumatized Carapace  
  132  6:22  Hatchery  
  131  6:26  Drone  
  131  6:29  Hydralisk Den  
  131  6:34  Drone  
  131  6:36  Overlord  
  131  6:38  Infestation Pit  
  131  6:40  Spore Crawler  
  131  6:42  Spore Crawler  
  129  6:48  Overlord x4  
  109  7:27  Hydralisk  
  109  7:28  Hydralisk x11  
  109  7:29  Zerg Missile Weapons Level 2  
  127  7:32  Muscular Augments  
  127  7:34  Drone  
  127  7:36  Hydralisk x2  
  124  7:37  Drone  
  124  7:38  Drone x7  
  124  7:39  Spore Crawler  
  124  7:43  Hydralisk x4  
  137  7:48  Drone  
  137  7:51  Roach x5  
  148  7:57  Ravager  
  149  8:00  Drone, Extractor  
  149  8:01  Drone x2  
  149  8:02  Drone x3, Extractor  
  153  8:10  Roach x8  
  169  8:16  Overlord x4  
  169  8:23  Hydralisk x2, Roach x4  
  169  8:25  Zergling x2  
  174  8:30  Overlord  
  174  8:31  Overlord  
  174  8:32  Overlord x2  
  174  8:36  Ravager x3  
  174  8:37  Ravager  
  174  8:38  Roach x5  
  184  8:46  Hydralisk x2  
  184  8:47  Zergling x14  
  134  8:56  Hydralisk  
  134  8:57  Hydralisk x4  
  144  9:03  Drone  
  144  9:04  Drone x3  
  144  9:10  Hydralisk x2  
  144  9:11  Hydralisk x2  
  136  9:22  Hydralisk x3  
  135  9:31  Hive  
  135  9:34  Spire  
  132  9:39  Extractor  
  132  9:40  Hatchery  
  132  9:45  Drone, Zerg Ground Armor Level 1  
  131  9:47  Evolution Chamber  
  131  9:49  Lurker Den  
  130  9:54  Queen  
  130  9:56  Drone x2  
  130  9:57  Drone x2  
  128  10:06  Drone x2  
  132  10:07  Drone x2  
  132  10:12  Queen  
  134  10:21  Hydralisk x4  
  142  10:37  Zergling x20  
  142  10:40  Hydralisk x2, Zerg Melee Weapons Level 1  
  142  10:41  Hydralisk x5  
  166  10:46  Greater Spire  
  161  11:15  Lurker x5  
  161  11:16  Lurker x5  
  159  11:28  Roach  
  159  11:29  Roach x10  
  159  11:31  Zergling x2  
  159  11:32  Zergling x18  
  143  11:50  Hatchery  
  143  11:53  Corruptor x3  
  143  11:54  Corruptor  
  136  12:01  Adrenal Glands  
  136  12:02  Zerg Ground Armor Level 2  
  127  12:15  Corruptor x2  
  131  12:25  Hatchery  
  130  12:36  Corruptor x2  
  134  12:46  Queen  
  136  12:57  Brood Lord x2  
  140  13:05  Extractor  
  139  13:08  Brood Lord  
  139  13:09  Extractor  
  139  13:23  Brood Lord  
  141  13:31  Drone  
  142  13:37  Brood Lord  
  142  13:38  Brood Lord  
  142  13:58  Corruptor  
  142  13:59  Corruptor  
  143  14:13  Corruptor x4  
  143  14:15  Drone  
  143  14:16  Drone x3  
  154  14:20  Drone x4  
  111  15:00  Hatchery  

Tags
 
Add a new tag
Caveats
  • Supply blocks, unpowered buildings, or Contaminate may cause inaccurate times.
  • Supply counts are checked every 10 seconds.